 Dungeon Crawl Stone Soup version 0.26.0-8-g74fc34ddfb (webtiles) character file.

Game seed: 8927966966876598619

82 shakesphere1979 the Caller (level 4, 0/24 HPs)
             Began as a Deep Elf Summoner on Jan 13, 2021.
             Succumbed to a kobold's poison
             ... on level 2 of the Dungeon.
             The game lasted 00:07:03 (2461 turns).

shakesphere1979 the Caller (Deep Elf Summoner)      Turns: 2461, Time: 00:07:03

Health: 0/24       AC:  3    Str:  5    XL:     4   Next: 21%
Magic:  9/12       EV: 14    Int: 21    God:
Gold:   119        SH:  0    Dex: 15    Spells: 5/11 levels left

rFire    . . .     SeeInvis .   r - +0 dagger
rCold    . . .     Faith    .   (no shield)
rNeg     . . .     Spirit   .   a - +0 robe
rPois    .         Reflect  .   c - +1 hat
rElec    .         Harm     .   (no cloak)
rCorr    .         Rampage  .   (no gloves)
Will     .....                  (no boots)
Stlth    ++........             (no amulet)
HPRegen  0.08/turn              (no ring)
MPRegen  0.13/turn              (no ring)

@: lethally poisoned (0 -> -24), invisible
A: no striking features
a: no special abilities


You were on level 2 of the Dungeon.
You visited 1 branch of the dungeon, and saw 2 of its levels.

You collected 119 gold pieces.

Inventory:

Hand Weapons
 r - a +0 dagger (weapon)
Missiles
 b - 51 stones
 l - 9 poisoned darts
 n - 25 sling bullets
 q - 45 arrows
Armour
 a - a +0 robe (worn)
 c - a +1 hat (worn)
Jewellery
 d - an uncursed ring of flight {unknown}
 f - a cursed -4 ring of protection {unknown}
 p - an uncursed amulet of regeneration {unknown}
Scrolls
 g - 2 scrolls of identify {unknown}
 h - a scroll of enchant armour {unknown}
 m - a scroll of remove curse {unknown}
 o - a scroll of teleportation {unknown}
Potions
 i - a potion of berserk rage {unknown}
 j - a potion of lignification {unknown}
 k - a potion of magic {unknown}


   Skills:
 + Level 3.4 Dodging
 + Level 3.5 Stealth
 + Level 4.0 Spellcasting
 + Level 5.0 Summonings


You had 5 spell levels left.
You knew the following spells:

 Your Spells              Type           Power        Failure   Level
a - Summon Small Mammal   Summ           100%         1%          1
b - Call Imp              Summ           25%          2%          2
c - Call Canine Familiar  Summ           25%          4%          3

Your spell library contained the following spells:

 Spells                   Type           Power        Failure   Level
 Summon Guardian Golem    Hex/Summ       14%          13%         3
 Summon Ice Beast         Ice/Summ       14%          38%         4
 Summon Lightning Spire   Summ/Air       14%          38%         4


Dungeon Overview and Level Annotations

Branches:
Dungeon (2/15)

Altars:
Qazlal


Message History

The poisoned dart closely misses you.
A hobgoblin comes into view. It is wielding a +0 club.
There is an open door here.
You see here a stone.
* * * LOW HITPOINT WARNING * * *
You feel sick.
Your hound bites the kobold but does no damage. x2
The kobold throws a poisoned dart.
The poisoned dart hits you!
You are more poisoned.
You see here a poisoned dart.
* * * LOW HITPOINT WARNING * * *
You feel sick.
There is an open door here.
* * * LOW HITPOINT WARNING * * *
You feel sick.
Your hound bites the kobold. x2
The kobold dies!
Your Summonings skill increases to level 5!
It was a potion of invisibility.
You fade into invisibility!
You die...

################
........h.†.....
#######.########
#..# ##.#
##########.#
.(........#
####.####.###
#.@'((h(#.#
#⌠.#.#(.#.#
####.##(#.#
.....g.g..#
####.##'#.#
#..'.'..#.#
#..#.#.(#.# #'
#.####.# . ..#


You could see a friendly hound (summoned).

Vanquished Creatures
  A goblin (D:2)
  A hobgoblin (D:1)
  A jackal (D:1)
  2 bats (D:1)
  A kobold (D:2)
6 creatures vanquished.

Vanquished Creatures (collateral kills)
  A bullfrog (D:2)
  2 adders (D:2)
  2 dart slugs (D:1)
  2 leopard geckos (D:1)
  3 goblins
  2 hobgoblins (D:1)
  2 jackals (D:1)
  3 bats
  A frilled lizard (D:2)
  3 kobolds
  A rat (D:1)
22 creatures vanquished.

Grand Total: 28 creatures vanquished

Notes
Turn   | Place    | Note
-------+----------+-------------------------------------------
     0 | D:1      | shakesphere1979 the Deep Elf Summoner began the quest for
                  | the Orb.
     0 | D:1      | Reached XP level 1. HP: 10/10 MP: 6/6
   833 | D:1      | Reached XP level 2. HP: 8/15 MP: 6/8
   841 | D:1      | Learned a level 2 spell: Call Imp
  2159 | D:2      | Found a stormy altar of Qazlal.
  2172 | D:2      | Noticed a bullfrog
  2181 | D:2      | Killed a bullfrog
  2182 | D:2      | Reached XP level 3. HP: 12/19 MP: 7/10
  2182 | D:2      | Reached XP level 4. HP: 15/24 MP: 7/11
  2393 | D:2      | Learned a level 3 spell: Call Canine Familiar
  2461 | D:2      | Reached skill level 5 in Summonings
  2461 | D:2      | Succumbed to a kobold's poison

Illustrated notes

Levels and vault maps discovered:
D:1:      dpeg_arrival_boxorama, layout_loops_corners
D:2:      minmay_door_path, layout_basic, makhleb_heckhound_becter,
          okawaru_trees_1, old_standard_altar, grunt_qazlal_clouds,
          kennysheep_generic_room_4, uniq_natasha

Skill      XL: |  1  2  3  4 |
---------------+-------------+-----
Stealth        | 3 |  3.5
Dodging        | 3 |  3.4
Spellcasting   | 4 |  4.0
Summonings     | 5 |  5.0

Action                   |  1- 3 |  4- 6 || total
-------------------------+-------+-------++-------
Melee: Unarmed           |    11 |       ||    11
       Club              |    24 |       ||    24
       Dagger            |     6 |     4 ||    10
 Cast: Summon Small Mamm |    27 |       ||    27
       Call Imp          |     5 |     1 ||     6
       Call Canine Famil |       |     2 ||     2
  Use: Potion            |       |     1 ||     1
 Stab: Sleeping          |     5 |       ||     5
Armor: Robe              |    20 |       ||    20
Dodge: Dodged            |    72 |    10 ||    82
